 Dungeon Crawl Stone Soup version 0.28.0 (webtiles) character file.

Game seed: 17947802913134920595

3390 Horrz the Fighter (level 9, -4/82 HPs)
             Began as a Minotaur Abyssal Knight on Feb 18, 2022.
             Was an Elder of Lugonu.
             Shot with an arrow by a centaur (8 damage)
             ... on level 8 of the Dungeon.
             The game lasted 00:20:31 (8210 turns).

Horrz the Fighter (Minotaur Abyssal Knight)         Turns: 8210, Time: 00:20:34

Health: -4/82      AC: 16    Str: 19    XL:     9   Next: 74%
Magic:  9/11       EV: 13    Int:  7    God:    Lugonu [****..]
Gold:   321        SH:  0    Dex: 16    Spells: 8/8 levels left

rFire   . . .      SeeInvis .   y - +0 battleaxe
rCold   + . .      Faith    .   (shield currently unavailable)
rNeg    . . .      Spirit   .   k - +0 ice dragon scales
rPois   .          Reflect  .   i - +1 hat
rElec   .          Harm     .   s - +0 cloak
rCorr   .          Rampage  .   (no gloves)
Will    .....                   g - +0 pair of boots
Stlth   ..........              (no amulet)
HPRegen 0.23/turn               l - ring of fire
MPRegen 0.12/turn               (no ring)

@: mesmerised
A: horns 2, retaliatory headbutt, agile 1, sturdy frame 1
a: Renounce Religion, Depart the Abyss, Bend Space, Banish, Corrupt


You were on level 8 of the Dungeon.
You worshipped Lugonu.
Lugonu was greatly pleased with you.
You visited 2 branches of the dungeon, and saw 11 of its levels.
You visited the Abyss 1 time.

You collected 321 gold pieces.

Inventory:

Hand Weapons
 f - a +0 war axe
 u - a +2 hand axe of freezing
 y - a +0 battleaxe (weapon)
Missiles
 q - 2 throwing nets
Armour
 g - a +0 pair of boots (worn)
 i - a +1 hat (worn)
 k - +0 ice dragon scales (worn)
 s - a +0 cloak (worn)
 v - a +2 chain mail of fire resistance
Jewellery
 l - a ring of fire (left hand)
 o - a ring of magical power
Wands
 a - a wand of mindburst (15)
 m - a wand of flame (26)
Scrolls
 c - 2 scrolls of amnesia {unknown}
 d - 2 scrolls of blinking {unknown}
 j - 2 scrolls of enchant weapon {unknown}
 n - 2 scrolls of identify {unknown}
 p - 2 scrolls of teleportation {unknown}
 x - a scroll of magic mapping {unknown}
Potions
 b - a potion of magic {unknown}
 e - 2 potions of curing
 h - 2 potions of mutation
 r - 3 potions of brilliance {unknown}
 t - 2 potions of flight {unknown}
 w - a potion of haste {unknown}


   Skills:
 + Level 8.7 Fighting
 * Level 8.5 Axes
 + Level 8.5 Armour
 + Level 6.4 Dodging
 - Level 5.0 Invocations


You had 8 spell levels left.
You didn't know any spells.
Your spell library contained the following spells:

 Spells                   Type           Power      Damage    Failure   Level
 Ensorcelled Hibernation  Hex/Ice        0%         N/A       83%         2
 Passwall                 Tmut/Erth      0%         N/A       83%         2
 Swiftness                Air            0%         N/A       96%         3


Dungeon Overview and Level Annotations

Branches:
Dungeon (10/15)            Temple (1/1) D:6
   Lair: D:8-11         Orc: D:9-12

Altars:
Ashenzari
Cheibriados
Dithmenos
Fedhas
Gozag
Hepliaklqana
Kikubaaqudgha
Makhleb
Okawaru
Qazlal
Ru
Trog
Uskayaw
Vehumet
Wu Jian
Xom
Yredelemnul
Zin
The Shining One

Annotations:
D:3 1 runed translucent door, Xye's ghost, amateur HOFi
D:6 2 transporters, Ablot's ghost, novice GnWr
D:8 Maggie


Innate Abilities, Weirdness & Mutations

You have a pair of horns on your head.
You reflexively headbutt those who attack you in melee.
You are agile. (Dex +2)
Your movements are slightly less encumbered by armour. (ER -2)


Message History

The steam dragon claws you but does no damage.
Maggie the Vainglorious comes into view.
She is wielding a +0 morningstar.
Maggie mumbles some strange words.
Maggie attempts to bespell you!
You are mesmerised by Maggie!
The steam dragon breathes steam at you. The ball of steam hits you.
You hear a shout!
You are engulfed in a cloud of scalding steam.
Maggie casts a spell.
Maggie draws you further into her thrall.
You are engulfed in a cloud of scalding steam.
A centaur comes into view.
Maggie casts a spell at you. The bolt of fire hits you!!!
The steam dragon breathes steam at you. The ball of steam hits you!
* * * LOW HITPOINT WARNING * * *
You are engulfed in a cloud of scalding steam.
* * * LOW HITPOINT WARNING * * *
Maggie drinks a potion.
Maggie seems to grow stronger.
There is a stone staircase leading up here.
You cannot move away from Maggie!
Unknown command.
The centaur wields a +0 shortbow.
The centaur shoots an arrow.
The arrow barely misses you.
You barely miss Maggie. You headbutt Maggie, but do no damage.
Maggie gestures at you while chanting. The bolt of fire misses you.
Space bends around you!
You blink.
The centaur unwields a +0 shortbow.
The centaur barely misses you. You furiously retaliate!
You headbutt the centaur! The centaur completely misses you.
Space bends around you!
You blink.
Found 16 gold pieces.
The centaur wields a +0 shortbow.
The centaur shoots an arrow.
The arrow hits you!
* * * LOW HITPOINT WARNING * * *
Maggie mumbles some strange words.
Maggie draws you further into her thrall.
The centaur shoots an arrow.
The arrow hits you!
You die...
PP..............

.
♣.P......##.###..
♣.♣...#..........
♣...#...#.####
♣## #.§c..#
#..@#.# #....<#
#..D#.# #@..###
#...# #...# #...#
....# #.#.# $.#..
......


You could see Maggie (mesmerising, strong), a steam dragon and a centaur.

Vanquished Creatures
  Pikel (D:4)
  Grinder (D:3)
  Sigmund (D:3)
  Eustachio (D:5)
  Menkaure (D:5)
  Edmund (D:5)
  A water moccasin (D:5)
  A sky beast (D:6)
  3 orc warriors
  3 black bears
  2 centaurs
  2 ogres
  A wyvern zombie (D:3)
  2 scorpions (D:5)
  5 wights (D:9)
  A hound (D:5)
  2 centaur skeletons
  A jelly (D:5)
  A gnoll shaman (D:6)
  5 orc priests
  A bullfrog skeleton (D:4)
  An iguana (D:4)
  Ijyb (D:3)
  3 orc wizards
  Robin (D:2)
  6 adders
  8 gnolls
  A white imp (D:5)
  An ufetubus (D:6)
  3 worms
  2 dart slugs
  26 orcs
  9 endoplasms
  7 giant cockroaches
  11 goblins
  8 hobgoblins
  9 jackals
  6 kobolds
  6 quokkas
  8 ball pythons
  4 bats
  4 frilled lizards
  4 rats
166 creatures vanquished.

Vanquished Creatures (others)
  2 withered plants (D:3)
2 creatures vanquished.

Grand Total: 168 creatures vanquished

Notes
Turn   | Place    | Note
-------+----------+-------------------------------------------
     0 | Abyss:1  | Horrz the Minotaur Abyssal Knight began the quest for the
                  | Orb.
     0 | Abyss:1  | Reached XP level 1. HP: 19/19 MP: 1/1
    88 | D:1      | Escaped the Abyss
   218 | D:1      | Reached XP level 2. HP: 16/27 MP: 2/2
   503 | D:1      | Reached ** piety under Lugonu
   601 | D:1      | Found a faded altar of an unknown god.
   835 | D:2      | Reached XP level 3. HP: 33/33 MP: 3/3
   843 | D:2      | Noticed Robin
   868 | D:2      | Killed Robin
  1139 | D:2      | Identified the +0 buckler of Submission {Will- Int+5}
  1231 | D:2      | Reached XP level 4. HP: 38/41 MP: 4/4
  2024 | D:3      | Reached *** piety under Lugonu
  2025 | D:3      | Reached XP level 5. HP: 20/47 MP: 5/5
  2267 | D:3      | Noticed Ijyb
  2298 | D:3      | Killed Ijyb
  2556 | D:3      | Found a runed translucent door.
  2556 | D:3      | Noticed Xye's ghost (amateur HOFi)
  2601 | D:3      | Noticed Sigmund
  2631 | D:3      | Killed Sigmund
  2632 | D:3      | Reached skill level 5 in Fighting
  2632 | D:3      | Reached XP level 6. HP: 23/56 MP: 5/7
  3023 | D:3      | Noticed Grinder
  3048 | D:3      | Killed Grinder
  3049 | D:3      | Reached skill level 5 in Armour
  3049 | D:3      | Reached XP level 7. HP: 39/62 MP: 8/8
  3778 | D:4      | Noticed Pikel
  3797 | D:4      | Gained mutation: You are agile. (Dex +2) [potion of
                  | mutation]
  3797 | D:4      | Gained mutation: Your movements are slightly less
                  | encumbered by armour. (ER -2) [potion of mutation]
  3864 | D:4      | Killed Pikel
  3865 | D:4      | Reached XP level 8. HP: 22/73 MP: 9/9
  4520 | D:4      | Found a broken altar of Ashenzari.
  4796 | D:5      | Entered Level 5 of the Dungeon
  4818 | D:5      | Reached skill level 5 in Axes
  5205 | D:5      | Noticed Edmund
  5215 | D:5      | Killed Edmund
  5216 | D:5      | Reached skill level 5 in Dodging
  5611 | D:5      | Noticed Eustachio
  5621 | D:5      | Killed Eustachio
  5730 | D:5      | Noticed Menkaure
  5735 | D:5      | Killed Menkaure
  5906 | D:5      | Reached XP level 9. HP: 79/81 MP: 11/11
  6242 | D:6      | Found a transporter.
  6243 | D:6      | Found a transporter.
  6243 | D:6      | Noticed Ablot's ghost (novice GnWr)
  6244 | D:6      | Noticed a queen bee
  6270 | D:6      | Reached **** piety under Lugonu
  6944 | D:6      | Found a staircase to the Ecumenical Temple.
  6952 | Temple   | Entered the Ecumenical Temple
  7213 | D:6      | Found an opulent altar of Gozag.
  7223 | D:6      | Found a basalt altar of Yredelemnul.
  7286 | D:7      | Reached skill level 5 in Invocations
  7974 | D:7      | You fall into a shaft and drop 3 floors!
  7974 | D:10     | Entered Level 10 of the Dungeon
  8201 | D:8      | Noticed Maggie
  8210 | D:8      | HP: 4/82 [centaur/arrow (7)]
  8210 | D:8      | Shot with an arrow by a centaur

Illustrated notes

Levels and vault maps discovered:
D:1:      dpeg_arrival_tiny_a, layout_rooms, shapermc_ecumenical_altar_gd
D:2:      layout_basic, uniq_robin
D:3:      layout_loops_ring, gammafunk_ghost_grave, uniq_sigmund, uniq_ijyb,
          uniq_grinder
D:4:      layout_basic, lemuel_round_altar, enter_ossuary_5, uniq_pikel
D:5:      layout_basic, uniq_menkaure, uniq_eustachio, uniq_edmund
D:6:      layout_basic, mainiacjoe_overflow_big_doors,
          minmay_temple_entry_nine_rooms, gammafunk_ghost_hive
D:7:      minmay_chambers_of_fours, layout_basic
D:8:      layout_basic, nicolae_elyvilon_peaceful_grove, serial_shops,
          nicolae_square_shop, uniq_maggie
D:9:      layout_layer_cave, mainiacjoe_overflow_catwalk, old_standard_altar,
          minmay_misc_feat_diagonals
D:10:     layout_irregular_city, lair_entry_dummy, orc_0_dummy, minivault_11
Temple:   compressed_dpeg_circular_temple

Skill      XL: |  1  2  3  4  5  6  7  8  9 |
---------------+----------------------------+-----
Armour         | 3 4 5 6 7 8 |  8.5
Fighting       | 4 5 7 8 |  8.7
Invocations    | 2 3 4 5 |  5.0
Dodging        | 2 3 4 5 6 |  6.4
Axes           | 3 4 6 8 |  8.5

Action                   |  1- 3 |  4- 6 |  7- 9 || total
-------------------------+-------+-------+-------++-------
Melee: Hand axe          |    63 |   131 |   122 ||   316
       Headbutt          |    10 |    22 |    65 ||    97
       Punch             |       |     2 |     4 ||     6
       War axe           |       |       |   157 ||   157
       Battleaxe         |       |       |     4 ||     4
Invok: Bend Space        |       |       |     2 ||     2
  Use: Potion            |       |     1 |     7 ||     8
Armor: Leather armour    |    28 |     5 |       ||    33
       Ring mail         |       |     8 |       ||     8
       Scale mail        |       |    30 |    52 ||    82
       Ice dragon scales |       |       |    81 ||    81
Dodge: Dodged            |    53 |    66 |   198 ||   317
